 Dungeon Crawl Stone Soup version 0.20.1-1-g8b1a95d (webtiles) character file.

41358 RKaid the Black Sun (level 13, 0/107 HPs)
             Began as a Mummy Necromancer on July 23, 2017.
             Was a High Priest of Kikubaaqudgha.
             Slain by a sixfirhy (11 damage)
             ... summoned by an orc sorcerer
             ... led by Saint Roka
             ... on level 2 of the Orcish Mines on July 26, 2017.
             The game lasted 02:53:10 (34516 turns).

RKaid the Black Sun (Mummy Necromancer)            Turns: 34516, Time: 02:53:10

Health: 0/107      AC: 13    Str: 16    XL:     13   Next: 79%
Magic:  5/28       EV: 11    Int: 27    God:    Kikubaaqudgha [*****.]
Gold:   1506       SH: 11    Dex: 14    Spells: 2/34 levels left

rFire    . . .     SeeInvis .   a - +2 demon blade (elec)
rCold    + . .     Gourm    .   s - +0 shield
rNeg     + + +     Faith    .   n - +3 leather armour {rF+}
rPois    ∞         Spirit   .   B - +2 helmet {Int+3}
rElec    .         Reflect  .   j - +0 cloak
rCorr    +         Harm     .   A - +1 pair of gloves "Jasitri" {*Contam MR+ rCorr}
MR       ++...                  I - +0 pair of boots
Stlth    ++........             (no amulet)
Regen    0.3/turn               Q - +5 ring of strength
MPRegen  0.3/turn               N - +6 ring of intelligence

@: death channel
A: no food or potions, fire vulnerability, cold resistance 1, negative energy
resistance 3, torment resistance, unbreathing, in touch with death 1
a: Receive Corpses, Torment, Renounce Religion


You were on level 2 of the Orcish Mines.
You worshipped Kikubaaqudgha.
Kikubaaqudgha was extremely pleased with you.
You were not hungry.

You visited 4 branches of the dungeon, and saw 19 of its levels.
You visited 1 bazaar.
You also visited: Volcano.

You collected 2002 gold pieces.
You spent 496 gold pieces at shops.

Inventory:

Hand Weapons
 a - a +2 demon blade of electrocution (weapon)
   (You found it on level 9 of the Dungeon)
 b - a +0 blowgun
   (You found it on level 8 of the Dungeon)
 d - a +1 trident of protection
   (You found it on level 5 of the Dungeon)
 w - a +0 trident of venom
   (You took it off an orc on level 7 of the Dungeon)
Missiles
 c - 5 tomahawks of returning
 h - 7 curare-tipped needles
 H - 2 throwing nets {=f}
 J - 20 poisoned needles
 V - 7 javelins of penetration (quivered)
Armour
 j - a +0 cloak (worn)
   (You took it off Crazy Yiuf on level 4 of the Dungeon)
 n - a +3 leather armour of fire resistance (worn)
   (You found it on level 2 of the Lair of Beasts)
 p - a +1 helmet of see invisible
   (You found it on level 2 of the Dungeon)
 s - a +0 shield (worn)
   (You found it on level 4 of the Dungeon)
 x - a +0 large shield
   (You found it on level 3 of the Dungeon)
 A - the +1 pair of gloves "Jasitri" (worn) {*Contam MR+ rCorr}
   (You acquired it on level 7 of the Dungeon)

   It affects your resistance to hostile enchantments.
   It causes magical contamination when unequipped.
   It protects you from acid and corrosion.
 B - a +2 helmet of intelligence (worn)
   (You bought it in a shop on level 6 of the Dungeon)
 I - a +0 pair of boots (worn)
   (You found it on level 8 of the Dungeon)
Magical Staves
 z - an uncursed staff of air {rElec}
   (You found it on level 2 of the Dungeon)
Jewellery
 f - an uncursed ring of flight {+Fly}
   (You found it in a bazaar)
 l - an uncursed ring of fire {rF+, rC-}
   (You found it on level 1 of the Dungeon)
 N - a +6 ring of intelligence (right hand)
   (You found it on level 10 of the Dungeon)
 Q - a +5 ring of strength (left hand)
   (You found it on level 10 of the Dungeon)
 Y - an uncursed ring of ice {rC+, rF-}
   (You took it off Fannar on level 3 of the Lair of Beasts)
Wands
 u - a wand of enslavement (14/24)
   (You found it on level 4 of the Dungeon)
 D - a wand of digging (12/24)
   (You bought it in a shop in a bazaar)
 F - a wand of iceblast (3/15)
   (You found it on level 7 of the Dungeon)
 L - a wand of flame (33/48)
   (You found it on level 9 of the Dungeon)
 O - a wand of lightning (0/15)
   (You found it on level 10 of the Dungeon)
 P - a wand of paralysis (0/24)
   (You found it on level 10 of the Dungeon)
 S - a wand of random effects (28/48)
   (You found it on level 10 of the Dungeon)
 W - a wand of confusion (14/48)
   (You found it on level 1 of the Lair of Beasts)
Scrolls
 g - 8 scrolls of teleportation
 k - a scroll of magic mapping {!r}
 m - 5 scrolls of enchant weapon
 o - 5 scrolls of remove curse
 v - 2 scrolls of recharging
 y - 3 scrolls of immolation {!r}
 C - 5 scrolls of fog
 T - 2 scrolls of amnesia
Miscellaneous
 r - a box of beasts


   Skills:
 + Level 11.7 Fighting
 * Level 4.2 Long Blades
 - Level 5.0 Polearms
 - Level 3.0 Dodging
 - Level 1.5 Stealth
 - Level 8.0 Shields
 - Level 11.4 Spellcasting
 - Level 14.2 Necromancy


You had 2 spell levels left.
You knew the following spells:

 Your Spells              Type           Power        Failure   Level  Hunger
a - Pain                  Necr           ####         1%          1    N/A
b - Vampiric Draining     Necr           #######...   1%          3    N/A
c - Corpse Rot            Necr           N/A          1%          2    N/A
d - Animate Dead          Necr           N/A          1%          4    N/A
e - Death Channel         Necr           #######...   4%          6    N/A
f - Dispel Undead         Necr           #######.     1%          5    N/A
g - Simulacrum            Ice/Necr       ######....   65%         6    N/A
A - Animate Skeleton      Necr           N/A          1%          1    N/A
C - Control Undead        Necr           #######...   1%          4    N/A

Dungeon Overview and Level Annotations

Branches:
Dungeon (10/15)            Temple (1/1) D:5            Lair (6/6) D:9
  Swamp (0/4) Lair:3       Spider (0/4) Lair:2        Slime (0/5) Lair:5
    Orc (2/2) D:10            Elf (0/3) Orc:2

Altars:
Ashenzari
Cheibriados
Dithmenos
Elyvilon
Fedhas
Gozag
Hepliaklqana
Kikubaaqudgha
Makhleb
Nemelex Xobeh
Okawaru
Qazlal
Ru
Sif Muna
Trog
Uskayaw
Vehumet
Xom
Yredelemnul
Zin
The Shining One
Beogh
Jiyva

Shops:
D:6 [   Orc:1 [}   Orc:2 =}

Annotations:
Lair:3 exclusion: oklob plant
Lair:5 exclusions: oklob plant and upstairs


Innate Abilities, Weirdness & Mutations

You do not eat or drink.
Your flesh is vulnerable to fire.
You are immune to poison.
Your flesh is cold resistant. (rC+)
You are immune to negative energy. (rN+++)
You are immune to unholy pain and torment.
You can survive without breathing.
You are in touch with the powers of death.


Message History

Press: ? - help, Shift-Dir - straight line, f/p - orc knight
Aim: an orc knight, wielding a battleaxe and wearing a plate armour (moderately wounded)
You feel a surge of power!
You feel life coursing into your body.
The orc shouts!
The orc warrior throws a tomahawk.
You block the tomahawk. The orc knight barely misses you.
The orc sorcerer gestures wildly while chanting.
Casting: Vampiric Draining
Confirm with . or Enter, or press ? or * to list all spells.
Aiming: Vampiric Draining
Press: ? - help, Shift-Dir - straight line, f/p - orc knight
Aim: an orc knight, wielding a battleaxe and wearing a plate armour (heavily wounded)
You feel a surge of power!
You feel life coursing into your body.
The orc warrior throws a tomahawk.
The tomahawk hits you!
The orc knight roars a battlecry!
The orcs go into a battle-frenzy!
Casting: Vampiric Draining
Confirm with . or Enter, or press ? or * to list all spells.
Aiming: Vampiric Draining
Press: ? - help, Shift-Dir - straight line, f/p - orc knight
Aim: an orc knight, wielding a battleaxe and wearing a plate armour (severely wounded)
You feel a surge of power!
You feel life coursing into your body.
The orc no longer looks unusually strong.
The orc wizard no longer looks unusually strong.
The orc knight roars a battlecry!
The orcs go into a battle-frenzy!
You slash the orc knight!
You kill the orc knight!
Kikubaaqudgha accepts your kill.
A glowing mist starts to gather...
The sixfirhy closely misses you. You block the sixfirhy's attack.
The sixfirhy closely misses you.
You riposte.
You completely miss the sixfirhy. The sixfirhy barely misses you.
You riposte.
You slice the sixfirhy!!
The orc wizard casts a spell.
The orc wizard blinks!
You block the orc's attack.
You hit the orc sorcerer. You block the orc's attack.
Your spectral orc knight hits the orc warrior but does no damage.
You closely miss the orc sorcerer.
The orc warrior no longer looks unusually strong.
You block the orc's attack.
The orc sorcerer hits you with a dagger!
Your spectral orc knight hits the orc.
You block the orc's attack.
You hit the orc sorcerer but do no damage.
The sixfirhy hits you! The sixfirhy shocks you!
You block the sixfirhy's attack. x2
The sixfirhy hits you but does no damage.
The orc wizard hits your spectral orc knight but does no damage.
The orc warrior hits your spectral orc knight with a long sword.
You block the orc sorcerer's attack. The orc hits you with a hand axe.
The orc barely misses you. The sixfirhy hits you. The sixfirhy shocks you!
* * * LOW HITPOINT WARNING * * *
Your spectral orc knight hits the orc.
The orc closely misses you.
The orc wizard hits your spectral orc knight but does no damage.
The sixfirhy hits you.
* * * LOW HITPOINT WARNING * * *
The sixfirhy shocks you!
* * * LOW HITPOINT WARNING * * *
You block the sixfirhy's attack.
The orc sorcerer points at you and mumbles some strange words.
You suddenly lose the ability to move!
The orc warrior hits your spectral orc knight with a long sword!
Your spectral orc knight hits the orc wizard but does no damage.
The orc barely misses your spectral orc knight.
The orc wizard misses your spectral orc knight.
The orc no longer looks unusually strong.
The orc sorcerer no longer looks unusually strong.
The orc sorcerer hits you but does no damage.
The orc warrior hits your spectral orc knight but does no damage.
Your spectral orc knight hits the orc wizard but does no damage.
The orc wizard hits your spectral orc knight but does no damage.
The orc hits your spectral orc knight but does no damage.
You can move again.
Press: ? - help, v - describe, . - travel
Here: an orc sorcerer, wielding a dagger and wearing an embroidered robe (lightly wounded)
The floor.
Unknown command.
Okay, then.
Okay, then.
Evoke which item? (* to show all) (? for menu, Esc to quit)
Okay, then.
The orc sorcerer hits your spectral orc knight with a dagger.
Your spectral orc knight hits the orc sorcerer but does no damage.
The orc warrior barely misses your spectral orc knight.
The orc wizard gestures wildly while chanting.
The orc wizard seems to speed up.
The orc no longer looks unusually strong.
The sixfirhy closely misses you.
The orc barely misses your spectral orc knight.
The orc sorcerer gestures wildly while chanting.
The orc wizard casts a spell.
The orc wizard blinks!
You block the sixfirhy's attack.
Your spectral orc knight hits the orc sorcerer but does no damage.
You block the sixfirhy's attack.
The sixfirhy hits you but does no damage.
The orc warrior barely misses your spectral orc knight.
The sixfirhy hits you!
* * * LOW HITPOINT WARNING * * *
The sixfirhy shocks you!
You die...
Kikubaaqudgha rasps: "You have failed me!
Welcome... oblivion!"

##...##')'##..............)
###..................)...( *
###.8)8....#............ **
##..(......#....#####.. ,* ###
###..ooo........÷##...##. **
##.###....ooZo..#.....#.....#. .*
#...#.......o3..#.....#.._..'.
.###......##...#3........#.....#.
..#....#.#######@........##...##)
......#### #....##.....#####..
.....###########.##.......)......
....Z##...............##.........
....ZZ..#########....#........###
.....Z..#.ZZZZ.##..##......#.##
....#..Z#)8.#ZZ.#.........####
........Z...#ZZ.#......#.##
#.#.....#####Z)_#.#.....##


You could see a sixfirhy, a smoke demon, an orc sorcerer, an orc warrior, an orc
wizard, 3 orcs and a friendly spectral orc knight.

Vanquished Creatures
  The ghost of Gargoyl the Tortoise, a journeyman MiAK of Lugonu (Lair:6)
  Harold (Orc:1)
  A hydra (Lair:5)
  The ghost of Peloso the Carver, a novice MiFi of Okawaru (D:9)
  A two-headed ogre (D:8)
  An orc high priest (Orc:2)
  3 unseen horrors (D:10)
  2 orc knights
  3 orc sorcerers
  12 elephants
  2 black mambas
  6 spiny frogs
  Joseph (Lair:1)
  A centaur skeleton (D:10)
  Psyche (D:10)
  A rime drake (Lair:4)
  6 komodo dragons
  3 trolls
  3 hippogriffs
  3 wraiths (D:10)
  22 yaks
  A human (D:7)
  A tarantella (Lair:2)
  5 wyverns
  4 hogs
  4 hungry ghosts
  A steam dragon (D:9)
  4 wargs
  7 water moccasins
  6 porcupines
  23 orc warriors
  5 sky beasts
  4 ice beasts
  2 black bears
  A phantom (D:4)
  2 centaurs
  A necrophage (D:7)
  7 wolves
  3 ogres
  8 crocodiles
  A big kobold (D:9)
  9 bullfrogs
  A gnoll sergeant (D:9)
  2 scorpions
  11 killer bees (D:9)
  5 wights
  4 howler monkeys
  6 crimson imps
  A bullfrog zombie (D:6)
  A quasit (D:7)
  2 jellies
  3 hounds
  23 orc priests
  A bullfrog skeleton (D:4)
  Crazy Yiuf (D:4)
  A gnoll shaman (D:6)
  20 orc wizards
  An iguana (D:7)
  9 worker ants
  A killer bee zombie (D:10)
  A hound zombie (D:8)
  A hound skeleton (D:9)
  3 worker ant zombies
  5 gnolls
  11 adders
  3 shadow imps
  An adder zombie (D:6)
  An adder skeleton (D:4)
  2 worms
  2 dart slugs
  5 leopard geckos
  67 orcs
  8 giant cockroaches
  5 goblins
  12 hobgoblins
  20 jackals
  9 kobolds
  5 quokkas
  10 bats
  3 frilled lizards
  A giant cockroach zombie (D:5)
  2 quokka skeletons
  8 rats
  A fungus (Lair:5)
  A plant (Lair:5)
454 creatures vanquished.

Vanquished Creatures (collateral kills)
  Josephine (D:10)
  Fannar (Lair:3)
  6 hydras
  An oklob plant (Lair:5)
  5 elephants
  A black mamba (Lair:5)
  2 spiny frogs (Lair:1)
  2 komodo dragons
  A troll (D:10)
  3 blink frogs (Lair:4)
  2 hippogriffs
  A spriggan (Lair:2)
  A wyvern (Lair:5)
  5 yaks
  Grum (D:10)
  A warg (Orc:1)
  2 water moccasins
  3 orc warriors (Orc:2)
  2 porcupines (Lair:5)
  A black bear (Lair:6)
  2 ogres
  A big kobold (D:8)
  2 crocodiles
  3 bullfrogs
  2 scorpions
  6 killer bees (D:9)
  3 wights (D:7)
  A quasit (D:7)
  A hound (D:9)
  2 bullfrog skeletons
  3 orc wizards
  2 worker ants
  A howler monkey zombie (D:8)
  4 gnolls
  A shadow imp (D:9)
  2 oozes
  An adder skeleton (D:4)
  18 orcs
  2 hobgoblins (Orc:1)
  A jackal (D:2)
  2 quokkas (D:10)
  4 kobolds
  A rat (D:1)
  A fungus (Lair:3)
  A plant (Lair:3)
109 creatures vanquished.

Vanquished Creatures (others)
  11 fungi
  8 plants
19 creatures vanquished.

Grand Total: 582 creatures vanquished

Notes
Turn   | Place    | Note
-------+----------+-------------------------------------------
     0 | D:1      | RKaid the Mummy Necromancer began the quest for the Orb.
     0 | D:1      | Reached XP level 1. HP: 13/13 MP: 4/4
    22 | D:1      | Learned a level 1 spell: Animate Skeleton
   347 | D:1      | Reached XP level 2. HP: 20/20 MP: 0/5
   636 | D:1      | Reached skill level 3 in Spellcasting
   845 | D:2      | Reached skill level 1 in Fighting
  1165 | D:2      | Reached XP level 3. HP: 26/26 MP: 2/7
  1454 | D:2      | Reached XP level 4. HP: 33/33 MP: 2/9
  1611 | D:2      | Found a sacrificial altar of Ru.
  1611 | D:2      | Found an iron altar of Okawaru.
  1862 | D:2      | Learned a level 3 spell: Vampiric Draining
  1867 | D:2      | Learned a level 4 spell: Control Undead
  1997 | D:2      | Reached skill level 2 in Fighting
  2136 | D:3      | Reached skill level 5 in Necromancy
  2244 | D:3      | Found a hazy altar of Hepliaklqana.
  2281 | D:3      | Found a deep blue altar of Sif Muna.
  2820 | D:3      | Reached XP level 5. HP: 39/39 MP: 5/10
  2988 | D:4      | Reached skill level 4 in Spellcasting
  3177 | D:4      | Noticed an ice beast
  3566 | D:4      | Killed an ice beast
  3566 | D:4      | Reached skill level 3 in Fighting
  3566 | D:4      | Reached skill level 6 in Necromancy
  3566 | D:4      | Reached XP level 6. HP: 42/47 MP: 4/13
  3877 | D:4      | Found a runed door.
  4312 | D:4      | Reached skill level 5 in Spellcasting
  4505 | D:4      | Reached XP level 7. HP: 36/52 MP: 3/14
  4755 | D:4      | Noticed Crazy Yiuf
  4767 | D:4      | Killed Crazy Yiuf
  5020 | D:5      | Entered Level 5 of the Dungeon
  5051 | D:5      | Found a hide-covered altar of Uskayaw.
  5170 | D:5      | Found a burning altar of Makhleb.
  5171 | D:5      | Found a deep blue altar of Sif Muna.
  5174 | D:5      | Found a stormy altar of Qazlal.
  5174 | D:5      | Found a shattered altar of Ashenzari.
  5174 | D:5      | Found a shimmering altar of Xom.
  5186 | D:5      | Learned a level 4 spell: Animate Dead
  5298 | D:5      | Reached skill level 7 in Necromancy
  5499 | D:5      | Reached skill level 4 in Fighting
  5506 | D:5      | Found a staircase to the Ecumenical Temple.
  5519 | Temple   | Entered the Ecumenical Temple
  5646 | Temple   | Became a worshipper of Kikubaaqudgha
  5975 | D:5      | Found a glowing golden altar of the Shining One.
  6478 | D:6      | Reached skill level 6 in Spellcasting
  6552 | D:6      | Reached XP level 8. HP: 54/61 MP: 9/17
  6767 | D:6      | Reached skill level 8 in Necromancy
  6912 | D:6      | Found Yfurydgh's Armour Shop.
  7541 | D:6      | Reached skill level 5 in Fighting
  7913 | D:6      | Reached * piety under Kikubaaqudgha
  7913 | D:6      | Identified Kikubaaqudgha's Disquisition on Unholy Magic (Kikubaaqudgha gifted it to you on level 6 of the Dungeon)
  7913 | D:6      | Received a gift from Kikubaaqudgha
  7913 | D:6      | Reached skill level 7 in Spellcasting
  7971 | D:6      | Learned a level 2 spell: Corpse Rot
  8025 | D:6      | Reached skill level 9 in Necromancy
  8690 | D:7      | Reached XP level 9. HP: 69/69 MP: 13/20
  8726 | D:7      | Identified a scroll of acquirement
  8728 | D:7      | Got a pair of twisted gloves
  9041 | D:7      | Identified the +1 pair of gloves "Jasitri" {*Contam MR+ rCorr} (You acquired it on level 7 of the Dungeon)
  9198 | D:7      | Reached skill level 6 in Fighting
  9269 | D:6      | Reached skill level 10 in Necromancy
  9515 | D:7      | Reached skill level 8 in Spellcasting
  9720 | D:7      | Reached skill level 2 in Dodging
  9721 | D:7      | HP: 12/71 [orc warrior/trident (11)]
  9728 | D:7      | HP: 12/71 [orc warrior/trident (2)]
 10395 | D:7      | Reached ** piety under Kikubaaqudgha
 10580 | D:7      | Found a white marble altar of Elyvilon.
 10791 | D:7      | Reached skill level 3 in Dodging
 10879 | D:8      | Reached skill level 7 in Fighting
 10996 | D:8      | Noticed a two-headed ogre
 11097 | D:8      | Reached skill level 9 in Spellcasting
 11272 | D:7      | Reached skill level 1 in Shields
 11444 | D:8      | Reached XP level 10. HP: 79/79 MP: 8/23
 11455 | D:8      | Killed a two-headed ogre
 11455 | D:8      | Reached skill level 2 in Shields
 12219 | D:9      | Reached *** piety under Kikubaaqudgha
 12219 | D:9      | Identified Kikubaaqudgha's Reference Book on Evil Rituals (Kikubaaqudgha gifted it to you on level 9 of the Dungeon)
 12219 | D:9      | Received a gift from Kikubaaqudgha
 12246 | D:9      | Learned a level 5 spell: Dispel Undead
 12498 | D:9      | Found a staircase to the Lair.
 12513 | D:9      | Noticed Peloso's ghost (novice MiFi)
 12821 | D:9      | Reached skill level 8 in Fighting
 12832 | D:8      | Reached skill level 10 in Spellcasting
 12955 | D:9      | Killed Peloso's ghost
 12955 | D:9      | Reached skill level 3 in Shields
 13258 | D:9      | Reached skill level 11 in Necromancy
 14083 | D:9      | Reached XP level 11. HP: 66/87 MP: 18/25
 14157 | D:10     | Entered Level 10 of the Dungeon
 14314 | D:10     | Reached **** piety under Kikubaaqudgha
 14342 | D:10     | Reached skill level 4 in Shields
 14351 | D:10     | Reached skill level 9 in Fighting
 14628 | D:10     | Noticed Grum
 14647 | D:10     | Killed Grum
 14762 | D:10     | Found a staircase to the Orcish Mines.
 14812 | D:10     | Learned a level 6 spell: Death Channel
 14876 | D:10     | Noticed an unseen horror
 14886 | D:10     | Killed an unseen horror
 15094 | D:10     | Noticed an unseen horror
 15120 | D:10     | Killed an unseen horror
 15376 | Lair:1   | Entered Level 1 of the Lair of Beasts
 15471 | Lair:1   | Reached skill level 12 in Necromancy
 15703 | Lair:1   | Found a dark tunnel.
 15721 | Volcano  | Entered a volcano
 15996 | Lair:1   | Noticed Joseph
 16041 | Lair:1   | Reached skill level 5 in Shields
 16050 | Lair:1   | Killed Joseph
 17288 | Lair:2   | Reached skill level 10 in Fighting
 17849 | Lair:2   | Reached skill level 13 in Necromancy
 17977 | Lair:2   | Reached XP level 12. HP: 80/97 MP: 14/26
 18413 | Lair:2   | Reached skill level 6 in Shields
 18611 | Lair:2   | Noticed a six-headed hydra
 19197 | Lair:2   | Found a hole to the Spider Nest.
 19340 | Lair:2   | Killed a six-headed hydra
 19340 | Lair:2   | Reached skill level 1 in Polearms
 19729 | Lair:3   | Noticed a five-headed hydra
 19837 | Lair:3   | Reached skill level 2 in Polearms
 19892 | Lair:3   | Found a staircase to the Swamp.
 19905 | Lair:3   | Noticed Fannar
 20077 | Lair:3   | Noticed a five-headed hydra
 20096 | Lair:3   | Killed a five-headed hydra
 20289 | Lair:2   | Reached skill level 3 in Polearms
 20619 | D:6      | Bought a +0 helmet of intelligence for 172 gold pieces
 20835 | Lair:2   | RKaid: @??fannar
 20835 | Lair:2   | beem: Fannar (e)
                  | Spd:
    10 | HD: 10   | HP: 67-92
                  | AC/EV: 10/15
                  | Dam: 8
                  | weapons, items, doors, spellcaster
                  | Res: magic(80)
                  | XP: 1007
                  | Sp: b.cold (3d18), refrigeration, sum.ice beast, armour, blink [emergency]
                  | Sz: Medium
                  | Int: human.
 21506 | Lair:3   | Reached skill level 11 in Spellcasting
 21600 | Lair:3   | Killed Fannar
 22141 | Lair:3   | You fall through a shaft!
 22152 | Lair:4   | Reached skill level 4 in Polearms
 22378 | Lair:4   | Noticed a seven-headed hydra
 22611 | Lair:4   | Found a shimmering altar of Xom.
 22975 | Lair:4   | Killed a seven-headed hydra
 23292 | Lair:5   | RKaid: @??oklob
 23292 | Lair:5   | beem: unknown monster: "oklob"
 23292 | Lair:5   | RKaid: @??oklob plant
 23292 | Lair:5   | beem: oklob plant (P)
                  | Spd: 10 (stationary)
                  | HD: 10
                  | HP: 42-65
                  | AC/EV: 10/0
                  | plant, unbreathing
                  | Res: magic(40), poison, acid+++, drown, neg+++, torm
                  | XP: 557
                  | Sp: spit acid (3d7) [!AM, !sil]
                  | Sz: small
                  | Int: brainless.
 23680 | Lair:5   | Noticed a five-headed hydra
 23829 | Lair:5   | Reached skill level 5 in Polearms
 23936 | Lair:5   | Found a staircase to the Slime Pits.
 23937 | Lair:5   | Found a viscous altar of Jiyva.
 24789 | Lair:6   | Entered Level 6 of the Lair of Beasts
 25118 | Lair:6   | HP: 24/98 [komodo dragon (23)]
 25288 | Lair:5   | Noticed a five-headed hydra
 25680 | Lair:6   | Noticed a death yak
 25681 | Lair:6   | Noticed a death yak
 25726 | Lair:6   | Noticed a catoblepas
 25730 | Lair:6   | Noticed a seven-headed hydra
 25736 | Lair:6   | Noticed Gargoyl's ghost (journeyman MiAK)
 25765 | Lair:6   | Killed Gargoyl's ghost
 25765 | Lair:6   | Gained mutation: You are in touch with the powers of death. [Mummy growth]
 25765 | Lair:6   | Reached XP level 13. HP: 104/104 MP: 12/28
 26394 | Lair:2   | Reached skill level 7 in Shields
 26977 | D:10     | Noticed Psyche
 27196 | D:10     | Noticed Josephine
 27592 | D:10     | Killed Josephine
 27743 | D:10     | Learned a level 6 spell: Simulacrum
 28035 | D:10     | Found a staircase to the Orcish Mines.
 28339 | D:10     | Paralysed by Psyche for 5 turns
 28344 | D:10     | Killed Psyche
 28344 | D:10     | Reached skill level 11 in Fighting
 28366 | Orc:1    | Entered Level 1 of the Orcish Mines
 28453 | Orc:1    | Found Runymaqo's Armour Shoppe.
 28478 | Orc:1    | Paralysed by an orc sorcerer for 6 turns
 28486 | Orc:1    | Reached skill level 14 in Necromancy
 28566 | Orc:1    | Found Cangoxoch's Gadget Emporium.
 28876 | Orc:2    | Entered Level 2 of the Orcish Mines
 28923 | Orc:2    | Noticed a stone giant
 28979 | Orc:2    | HP: 25/106 [orc priest/divine providence (12)]
 29204 | Orc:2    | Found a staircase to the Elven Halls.
 29223 | Orc:2    | Found a flickering gateway to a bazaar.
 29246 | Bazaar   | Entered a bazaar
 29281 | Bazaar   | Found Edghusu's Gadget Shop.
 29310 | Bazaar   | Found Heukomye's Gadget Shop.
 29339 | Bazaar   | Found Jamy's Distillery.
 29359 | Bazaar   | Found Nurgha's Distillery.
 29396 | Bazaar   | Bought a wand of digging (14/24) for 324 gold pieces
 29429 | Orc:1    | Noticed Harold
 29447 | Orc:1    | Killed Harold
 30544 | Orc:1    | Reached skill level 8 in Shields
 31252 | Lair:5   | Reached skill level 1 in Long Blades
 31648 | Lair:5   | Reached skill level 2 in Long Blades
 32700 | Lair:5   | Identified Ukkolaqy's Reference Book on Congealing Weightlessness
 33223 | Orc:2    | Found a roughly hewn altar of Beogh.
 33247 | Orc:2    | Found a roughly hewn altar of Beogh.
 33902 | Orc:2    | Reached skill level 3 in Long Blades
 33986 | Orc:2    | Found a roughly hewn altar of Beogh.
 33991 | Orc:2    | Found Zitzukau's Gadget Shoppe.
 34008 | Orc:2    | Reached ***** piety under Kikubaaqudgha
 34191 | Orc:2    | Found a roughly hewn altar of Beogh.
 34285 | Orc:2    | Found a roughly hewn altar of Beogh.
 34295 | Orc:2    | Found a roughly hewn altar of Beogh.
 34306 | Orc:2    | Found Cenusiu's Jewellery Shop.
 34425 | Orc:2    | Found a roughly hewn altar of Beogh.
 34490 | Orc:2    | Reached skill level 4 in Long Blades
 34512 | Orc:2    | HP: 17/107 [sixfirhy[Saint Roka] (11)]
 34512 | Orc:2    | Paralysed by an orc sorcerer for 2 turns
 34516 | Orc:2    | Slain by a sixfirhy

Skill      XL: |  1  2  3  4  5  6  7  8  9 10 11 12 13 |
---------------+----------------------------------------+-----
Spellcasting   | 3 4 5 6 7 9 10 11 | 11.4
Fighting       | 1 2 3 4 5 7 8 10 11 | 11.7
Necromancy     | 5 6 7 9 10 11 13 14 | 14.2
Dodging        | 3 |  3.0
Shields        | 1 3 5 6 8 |  8.0
Polearms       | 5 |  5.0
Long Blades    | 4 |  4.2
Stealth        | |  1.5

Action                   |  1- 3 |  4- 6 |  7- 9 | 10-12 | 13-15 || total
-------------------------+-------+-------+-------+-------+-------++-------
Melee: Short sword       |    12 |    11 |       |       |       ||    23
       Unarmed           |     2 |       |       |       |       ||     2
       Mace              |       |    34 |    19 |       |       ||    53
       Dagger            |       |       |    57 |       |       ||    57
       Trident           |       |       |   220 |   858 |   341 ||  1419
       Demon blade       |       |       |       |       |   147 ||   147
 Fire: Hunting sling     |       |    11 |       |       |       ||    11
Throw: Stone             |       |     5 |       |       |       ||     5
       Javelin           |       |       |       |       |     3 ||     3
 Cast: Pain              |    56 |   110 |   205 |   280 |   128 ||   779
       Animate Skeleton  |    11 |    10 |    13 |    12 |     1 ||    47
       Vampiric Draining |       |     1 |    37 |   165 |    92 ||   295
       Animate Dead      |       |       |    13 |    62 |    32 ||   107
       Control Undead    |       |       |     4 |       |       ||     4
       Corpse Rot        |       |       |     1 |       |     1 ||     2
       Dispel Undead     |       |       |       |    13 |     4 ||    17
       Death Channel     |       |       |       |     3 |     8 ||    11
Invok: Receive Corpses   |       |       |     1 |    18 |     5 ||    24
 Abil: Evoke Flight      |       |       |       |       |     2 ||     2
Evoke: Wand              |       |       |     3 |    10 |    15 ||    28
  Use: Scroll            |       |     6 |     7 |    15 |     6 ||    34
 Stab: Sleeping          |       |     2 |       |     3 |       ||     5
       Distracted        |       |       |       |     5 |     4 ||     9
       Paralysed         |       |       |       |     8 |       ||     8
       Confused          |       |       |       |     1 |       ||     1
Armor: Ring mail         |    13 |    55 |   250 |   270 |       ||   588
       Leather armour    |       |       |    44 |   295 |   212 ||   551
Dodge: Dodged            |    21 |    63 |   286 |   544 |   247 ||  1161
Block: Shield            |       |       |       |   405 |   313 ||   718
       Rpst.: Demon blade |       |       |       |       |    12 ||    12

Table legend:
 A = Turns spent in this place as a percentage of turns spent in the entire game.
 B = Non-inter-level travel turns spent in this place as a percentage of non-inter-level travel turns spent in the entire game.
 C = Inter-level travel turns spent in this place as a percentage of turns spent in this place.
 D = Turns resting spent in this place as a percentage of non-inter-level travel turns spent in this place.
 E = Turns spent auto-exploring this place as a percentage of non-inter-level travel turns spent in this place.
 F = Non-inter-level travel turns spent in this place divided by the number of levels of this place that you've seen.
                   A       B       C       D       E      F
               +-------+-------+-------+-------+-------+----------------------
         Total | 100.0 | 100.0 |   0.7 |   4.9 |   2.8 | 512.2
       Dungeon |  49.3 |  49.2 |   0.8 |   5.5 |   3.8 | 529.6
        Temple |   0.2 |   0.2 |   8.7 |   0.0 |  57.1 |  21.0
          Lair |  35.4 |  35.4 |   0.7 |   4.5 |   1.5 | 635.5
  Orcish Mines |  13.6 |  13.6 |   0.5 |   4.2 |   1.9 | 734.0
        Bazaar |   1.3 |   1.3 |   0.0 |   1.4 |   0.0 | 141.0
       Volcano |   0.2 |   0.2 |   0.0 |   0.0 |   0.0 |  18.0
               +-------+-------+-------+-------+-------+----------------------

Table legend:
 A = Kills in this place as a percentage of kills in entire the game.
 B = Kills by you in this place as a percentage of kills by you in the entire game.
 C = Kills by friends in this place as a percentage of kills by friends in the entire game.
 D = Other kills in this place as a percentage of other kills in the entire game.
 E = Experience gained in this place as a percentage of experience gained in the entire game.
 F = Experience gained in this place divided by the number of levels of this place that you have seen.
                   A       B       C       D       E      F
               +-------+-------+-------+-------+-------+----------------------
         Total | 100.0 | 100.0 | 100.0 |  -nan | 100.0 | 2813.5
       Dungeon |  56.2 |  59.3 |  43.0 |  -nan |  32.6 | 1924.5
          Lair |  20.6 |  17.0 |  35.5 |  -nan |  51.0 | 5023.7
  Orcish Mines |  23.3 |  23.7 |  21.5 |  -nan |  16.4 | 4848.0
               +-------+-------+-------+-------+-------+----------------------
